[Event "Early-Titled-Tuesday-Blitz-October-10-2023"]
[Site "Chess.com"]
[Date "2023.10.10"]
[Round "6"]
[White "Shuvalov"]
[Black "viktorskliarov"]
[Result "0-1"]
[WhiteElo "2482"]
[BlackElo "2651"]
[TimeControl "180+1"]
[EndTime "9:04:35 PDT"]
[Termination "viktorskliarov won by resignation"]

1. d4 Nf6 2. c4 e6 3. Nc3 Bb4 4. e3 b6 5. Ne2 Ne4 6. Qc2 Bb7 7.
f3 Nxc3 8. Nxc3 Bxc3+ 9. Qxc3 Qh4+ 10. g3 Qh5 11. e4 f5 12. d5 O-O 13. Be2 fxe4 14.
fxe4 Qh3 15. Bf1 Qg4 16. Bg2 Na6 17. Be3 exd5 18. cxd5 Rae8 19. Kd2 Nc5 20. Bxc5 bxc5 21. Raf1 Bxd5 22. exd5 Qe2+ 23. Kc1 Qxg2 24. Rxf8+ Rxf8 25. Re1 d6 26. Qd2 Rf2 27. Re8+ Kf7 28. Qe1 Rf1 29.
Re7+ Kf6 30. Re6+ Kf5 31. g4+ Kxg4 32. h3+ Kxh3 33. Re3+ Kh2 34. Re2 Rxe1+ 35. Rxe1 Qxd5 36. Kb1 Qd3+ 0-1

[Event "Early-Titled-Tuesday-Blitz-October-10-2023"]
[Site "Chess.com"]
[Date "2023.10.10"]
[Round "6"]
[White "Krakozia"]
[Black "Ermito2020"]
[Result "1-0"]
[WhiteElo "2992"]
[BlackElo "2599"]
[TimeControl "180+1"]
[EndTime "9:04:37 PDT"]
[Termination "Krakozia won on time"]

1. c4 Nf6 2. Nc3 g6 3. g3 Bg7 4. Bg2 O-O 5. d3 d6 6. Rb1 a5 7. a3 e5 8. b4 axb4 9. axb4 c6 10. e4 Be6 11. Nf3 d5 12. cxd5 cxd5 13. O-O dxe4 14. dxe4 Bc4 15. Re1 Nbd7 16. Be3 Ng4 17. Bg5 Bf6 18.
Bxf6 Ngxf6 19. Qd2 Qe7 20. Nd5 Bxd5 21. exd5 Qd6 22. Qh6 Ng4 23. Qh4 Ngf6 24. Nd2 Rfc8 25. Nc4 Qe7 26. d6 Qe6 27. Na5 Ra7 28. Nxb7 Rb8 29.
Na5 Ra6 30. Nc6 Rbb6 31. b5 Ra2 32. Qb4 Kg7 33. Qb3 Qxb3 34. Rxb3 Rd2 35. Na5 1-0

[Event "Early-Titled-Tuesday-Blitz-October-10-2023"]
[Site "Chess.com"]
[Date "2023.10.10"]
[Round "6"]
[White "YouShallNotPass001"]
[Black "gueraumasague"]
[Result "1-0"]
[WhiteElo "2403"]
[BlackElo "2506"]
[TimeControl "180+1"]
[EndTime "9:04:38 PDT"]
[Termination "YouShallNotPass001 won on time"]

1. Nf3 g6 2. e3 Bg7 3. Be2 Nf6 4. O-O O-O 5. b4 d6 6. d4 e5 7. c4 exd4 8. exd4 Re8 9. Nc3 Nc6 10. b5 Ne7 11. h3 Bf5 12. a4 Ne4 13. Nxe4 Bxe4 14. Bb2 Nf5 15. Nd2 Nxd4 16. Nxe4 Rxe4 17. Bd3 Rh4 18.
g3 Rxh3 19. Kg2 Rh5 20. Be4 Ne6 21. Bxg7 Kxg7 22. Bxb7 Rb8 23. Bd5 Qf6 24. Ra3 Nd4 25. Rd3 Nf5 26. Rf3 Qg5 27. Rf4 Rh4 28. Rxh4 Nxh4+ 29.
Kg1 Re8 30. Re1 Rxe1+ 31. Qxe1 Nf5 32. Qe8 Qf6 33. Qd7 Qa1+ 34. Kg2 Qxa4 35. Qxf7+ Kh6 36.
Qf8+ Kg5 37. f4+ 1-0

[Event "Early-Titled-Tuesday-Blitz-October-10-2023"]
[Site "Chess.com"]
[Date "2023.10.10"]
[Round "6"]
[White "MdChess1734"]
[Black "koncheto"]
[Result "0-1"]
[WhiteElo "2382"]
[BlackElo "2521"]
[TimeControl "180+1"]
[EndTime "9:04:38 PDT"]
[Termination "koncheto won on time"]

1. e4 c5 2. Nf3 d6 3. d4 cxd4 4.
Nxd4 Nf6 5. Nc3 Nc6 6. Bg5 e6 7. Qd2 a6 8. O-O-O Bd7 9. f4 b5 10. Bxf6 gxf6 11. f5 h5 12. Kb1 Rc8 13. fxe6 fxe6 14.
Nce2 Bh6 15. Qd3 Ne5 16. Qh3 Ke7 17. Ng3 h4 18. Nh5 Qe8 19. Be2 Bg5 20. g4 Qg6 21. Qg2 Be3 22. Bf3 Rc4 23. Ne2 Rhc8 24. Nef4 Qh6 25.
Ne2 Rxc2 26. Rhe1 Bg5 27. h3 Nc4 0-1

[Event "Early-Titled-Tuesday-Blitz-October-10-2023"]
[Site "Chess.com"]
[Date "2023.10.10"]
[Round "6"]
[White "Balla_Tamas"]
[Black "azikom"]
[Result "1-0"]
[WhiteElo "2436"]
[BlackElo "2579"]
[TimeControl "180+1"]
[EndTime "9:04:40 PDT"]
[Termination "Balla_Tamas won by resignation"]

1. e4 c6 2. d4 d5 3. exd5 cxd5 4. c4 e6 5. Nc3 Nf6 6. Nf3 Be7 7. Bd3 dxc4 8.
Bxc4 O-O 9. O-O Nc6 10. Bg5 h6 11. Bh4 b6 12. a3 Bb7 13. Qd3 Rc8 14. Bb3 Na5 15. Bc2 Re8 16. Ne5 Nc6 17. Bxf6 Bxf6 18. Qh7+ Kf8 19. Rad1 Nxd4 20. Ng4 e5 21. Ba4 Re6 22.
Nxf6 Qxf6 23. Ne4 Bxe4 24. Qh8+ Ke7 25. Qxc8 Qg5 26. f3 Qe3+ 27. Kh1 Bf5 28. Bd7 Kf6 29.
Bxe6 Bxe6 30. Qd8+ Kg6 31. Qh4 Bf5 32. Qg3+ Kh7 33. Rfe1 Qb3 34. Qxe5 Nxf3 35. Qxf5+ 1-0

[Event "Early-Titled-Tuesday-Blitz-October-10-2023"]
[Site "Chess.com"]
[Date "2023.10.10"]
[Round "6"]
[White "eljanov"]
[Black "Rodalquilar"]
[Result "0-1"]
[WhiteElo "2892"]
[BlackElo "2767"]
[TimeControl "180+1"]
[EndTime "9:04:41 PDT"]
[Termination "Rodalquilar won by resignation"]

1. c4 e6 2. Nc3 d5 3. d4 h6 4.
Nf3 Nf6 5. g3 Bd6 6. Bg2 O-O 7.
O-O Nc6 8. b3 Re8 9. Nb5 Bf8 10.
Bb2 a6 11. Nc3 Rb8 12. e3 b5 13. cxd5 exd5 14. Rc1 Qd6 15. Qc2 Nb4 16. Qb1 Ne4 17. a3 Bf5 18. axb4 Nxc3 19. Qxf5 Ne2+ 20. Kh1 Nxc1 21.
Rxc1 Qxb4 22. Qd3 a5 23. Ne5 Rb6 24. Bxd5 Rf6 25. f4 a4 26. Bc3 Qa3 27. Ra1 Qd6 28. Bg2 b4 29. Bd2 a3 30. Rc1 c5 31. Rxc5 Qa6 32. Qxa6 Rxa6 33. Rc1 a2 34. Ra1 Rc8 35. Nc4 Rxc4 36. bxc4 b3 37. Bc3 Bb4 38. Bb2 Ba3 39. Bc3 b2 40. Bxb2 Bxb2 41. Bb7 Bxa1 42. Bxa6 Bxd4 0-1

[Event "Early-Titled-Tuesday-Blitz-October-10-2023"]
[Site "Chess.com"]
[Date "2023.10.10"]
[Round "6"]
[White "McCarthyStone"]
[Black "Mikhail_Golubev"]
[Result "1-0"]
[WhiteElo "2426"]
[BlackElo "2605"]
[TimeControl "180+1"]
[EndTime "9:04:42 PDT"]
[Termination "McCarthyStone won on time"]

1. e4 c5 2. g3 d5 3. exd5 Qxd5 4. Nf3 Nc6 5. Bg2 Qe6+ 6. Kf1 Nf6 7. d3 g6 8. Na3 Bg7 9. Nb5 Qd7 10. Bf4 Nd5 11.
Bd2 Bxb2 12. c4 Nc7 13. Bc3 Bxc3 14. Nxc3 Nb4 15. d4 O-O 16. a3 cxd4 17. Nxd4 Nba6 18. Rb1 Nc5 19. Nd5 Nxd5 20. cxd5 e5 21. Nb5 b6 22. h4 Ba6 23. a4 Rad8 24. Kg1 e4 25. h5 Bxb5 26.
hxg6 fxg6 27. axb5 Qxd5 28. Qg4 Qd4 29. Qh4 Qxf2+ 30.
Kh2 Rd5 31. Rhf1 Rh5 32. Qxh5 gxh5 33. Rxf2 Rxf2 34. Ra1 Rf7 35. Kg1 Re7 36. Kf2 e3+ 37. Ke2 Kg7 38. Bd5 Kg6 39. Rf1 Kg5 40. Rf8 1-0

[Event "Early-Titled-Tuesday-Blitz-October-10-2023"]
[Site "Chess.com"]
[Date "2023.10.10"]
[Round "6"]
[White "noblerone"]
[Black "secrethawk1"]
[Result "0-1"]
[WhiteElo "2461"]
[BlackElo "2285"]
[TimeControl "180+1"]
[EndTime "9:04:45 PDT"]
[Termination "secrethawk1 won by resignation"]

1. d4 Nf6 2. Nf3 d5 3. Bg5 e6 4. Nbd2 Be7 5. e3 h6 6. Bh4 c5 7. c3 Nc6 8. Bd3 O-O 9. O-O a6 10. a4 c4 11. Bc2 Rb8 12. Ne5 Nxe5 13. dxe5 Nd7 14. Bxe7 Qxe7 15. f4 Qc5 16. Qe2 b5 17. axb5 axb5 18. Kh1 b4 19. Nf3 bxc3 20. bxc3 Rd8 21.
Nd4 Nf8 22. e4 dxe4 23. Bxe4 Bb7 24. Bxb7 Rxb7 25. f5 exf5 26. Nxf5 Ne6 27. Nd6 Rbd7 28. h3 Ng5 29. h4 Ne6 30. Rae1 Qd5 31. Qf2 Rf8 32. Nf5 Qa5 33. Qg3 Rd3 34. Re3 Qxc3 35.
Nxh6+ Kh7 36. Rxd3 Qxd3 37. Qxd3+ cxd3 38. Nf5 Rd8 39.
Rd1 Nc5 40. Kg1 Ne4 41. Kf1 d2 42. Nd6 Nxd6 43. exd6 Rxd6 44. Ke2 Kg6 45. Rxd2 Rxd2+ 46. Kxd2 Kh5 47. Ke3 Kxh4 48. Kf3 g5 49. Kf2 Kg4 50. Kf1 Kg3 51. Kg1 g4 52. Kf1 Kh2 53. Kf2 g3+ 54. Kf3 f6 0-1

[Event "Early-Titled-Tuesday-Blitz-October-10-2023"]
[Site "Chess.com"]
[Date "2023.10.10"]
[Round "6"]
[White "Josgar05"]
[Black "Javylavilla"]
[Result "1-0"]
[WhiteElo "2258"]
[BlackElo "2388"]
[TimeControl "180+1"]
[EndTime "9:04:45 PDT"]
[Termination "Josgar05 won by resignation"]

1. Nf3 d5 2. g3 Nf6 3. Bg2 g6 4. d4 Bg7 5. O-O O-O 6. c4 dxc4 7. Ne5 c6 8. Nxc4 Na6 9. Nc3 Nc7 10. e4 Bg4 11. f3 Be6 12. Ne3 Nfe8 13. Ne2 Nb5 14. d5 cxd5 15. exd5 Bd7 16. a4 Nbd6 17. Kh1 Qb6 18. Nc3 Rc8 19. Qd3 Qb3 20. Ra3 Qb4 21.
Nc2 Qc4 22. Qd2 Qc5 23. Ne3 Nc4 24. Nxc4 Qxc4 25. Re1 Bf6 26. Bf1 Qc5 27. Ne4 Qb6 28. Nxf6+ Qxf6 29. b4 Nd6 30. Bb2 Qf5 31. Qd4 f6 32. Rae3 Rc2 33. Bd3 Rxh2+ 34. Kxh2 Qh5+ 35. Kg1 Nf5 36. Bxf5 Bxf5 37. Qh4 Qxh4 38. gxh4 Rc8 39. Rc3 Rd8 40. Rxe7 Rxd5 41. Rcc7 Rd1+ 42. Kf2 Rd2+ 43. Ke3 Rd3+ 44. Ke2 Rd8 45. Rg7+ Kf8 46. Rgf7+ Kg8 47. Bxf6 1-0

[Event "Early-Titled-Tuesday-Blitz-October-10-2023"]
[Site "Chess.com"]
[Date "2023.10.10"]
[Round "6"]
[White "DrVelja"]
[Black "astralpulse"]
[Result "1-0"]
[WhiteElo "2844"]
[BlackElo "2708"]
[TimeControl "180+1"]
[EndTime "9:04:48 PDT"]
[Termination "DrVelja won on time"]

1. e4 e5 2. Nf3 Nc6 3. Bb5 a6 4. Ba4 d6 5. O-O Bd7 6. c4 Nge7 7. Re1 Ng6 8. Bxc6 Bxc6 9. d4 Be7 10. Nc3 O-O 11. Nd5 Bd7 12. Qb3 Rb8 13. Be3 exd4 14.
Nxd4 c6 15. Nxe7+ Qxe7 16. f3 f6 17. c5+ Kh8 18. cxd6 Qxd6 19. Rad1 Qe7 20. Ne2 Be6 21. Qc3 Rfd8 22. Bb6 Rxd1 23. Rxd1 Re8 24. Nd4 Bc8 25. a4 h5 26. a5 h4 27. b4 Nf4 28. Qe3 Qe5 29.
g3 Nh5 30. g4 Nf4 31. Ne2 Ng6 32. Kg2 Qb2 33. Qd2 Qb3 34. Nd4 Qc4 35. Rc1 Qf7 36.
Rc5 Ne5 37. h3 Nd7 38. Rh5+ Kg8 39. Nf5 Nxb6 40. Nd6 Rd8 41. Rh8+ 1-0

[Event "Early-Titled-Tuesday-Blitz-October-10-2023"]
[Site "Chess.com"]
[Date "2023.10.10"]
[Round "6"]
[White "OparinGrigoriy"]
[Black "GMZaven"]
[Result "1-0"]
[WhiteElo "2985"]
[BlackElo "2590"]
[TimeControl "180+1"]
[EndTime "9:04:48 PDT"]
[Termination "OparinGrigoriy won by checkmate"]

1. c4 e5 2. Nc3 Nc6 3. Nf3 Nf6 4.
g3 Bb4 5. Bg2 O-O 6. Nd5 e4 7.
Nh4 Re8 8. O-O Bf8 9. d3 exd3 10.
Qxd3 Ne5 11. Qc2 Nxd5 12. cxd5 d6 13. e4 Bg4 14. h3 Bd7 15. f4 Ng6 16. Nxg6 hxg6 17.
Be3 c6 18. Rad1 cxd5 19. Rxd5 Bc6 20. Rd4 Rc8 21. Qd2 Qc7 22. g4 Bb5 23. Rd1 Qc2 24. g5 Qxd2 25. R1xd2 Rc1+ 26. Kf2 Rb1 27. b3 Rc8 28. Rd1 Rb2+ 29. R4d2 Rxd2+ 30. Rxd2 a6 31. h4 Be7 32. Bf3 Kf8 33. f5 Bc6 34. Bd4 Re8 35. Re2 Bd8 36. Re3 Ba5 37. Kg3 Bc7 38. Kg4 Bd7 39. h5 d5 40. h6 dxe4 41. h7 gxf5+ 42.
Kh4 Ke7 43. Bxg7 Bf4 44. Re1 Be6 45. Rd1 Bd7 46. Be2 Be3 47. Bf6+ Ke6 48. Bc4# 1-0

[Event "Early-Titled-Tuesday-Blitz-October-10-2023"]
[Site "Chess.com"]
[Date "2023.10.10"]
[Round "6"]
[White "N4700000"]
[Black "Grossboss19"]
[Result "1-0"]
[WhiteElo "2410"]
[BlackElo "2510"]
[TimeControl "180+1"]
[EndTime "9:04:48 PDT"]
[Termination "N4700000 won on time"]

1. e4 c5 2. Nf3 a6 3. Nc3 e6 4. d4 cxd4 5. Nxd4 Nf6 6. e5 Ng8 7. Bd3 Qc7 8. Qe2 d6 9. exd6 Bxd6 10. Nf5 Be5 11. Bd2 Nc6 12. f4 Bf6 13. Nd5 Qd8 14. Nxf6+ gxf6 15. Bc3 Kf8 16. Ng3 Bd7 17. O-O-O Qe7 18.
Rhe1 b5 19. a3 b4 20. axb4 Nxb4 21. Bc4 Bb5 22. Kb1 Qc5 23. Bxb5 axb5 24. Qe4 Nd5 25. Bd4 Qc4 26. Rd3 Qa2+ 27. Kc1 Qa1+ 28. Kd2 Qa5+ 29.
Ke2 Rc8 30. c3 Qa2 31. Rd2 Qc4+ 32. Kf2 Nge7 33. f5 e5 34. Ba7 Qc7 35. Be3 Nxe3 36.
Qxe3 1-0

[Event "Early-Titled-Tuesday-Blitz-October-10-2023"]
[Site "Chess.com"]
[Date "2023.10.10"]
[Round "6"]
[White "mary-sanna"]
[Black "Rosh1610"]
[Result "0-1"]
[WhiteElo "2165"]
[BlackElo "2450"]
[TimeControl "180+1"]
[EndTime "9:04:49 PDT"]
[Termination "Rosh1610 won by resignation"]

1. d4 Nf6 2. c4 e6 3. Nf3 d5 4. g3 Be7 5. Bg2 dxc4 6. O-O c6 7.
Ne5 O-O 8. Nxc4 Nbd7 9. a4 c5 10.
Nc3 cxd4 11. Qxd4 Bc5 12. Qh4 Qe7 13. Bg5 h6 14. Bd2 Rb8 15. Rac1 b6 16. Ne4 Bb7 17. Nxc5 Nxc5 18. Bxb7 Qxb7 19. Bxh6 Nfe4 20. Be3 Nxa4 21. b3 Nac3 22. Qg4 f5 23. Qf3 Nd5 24. Bd4 b5 25. Ne5 Nd2 26. Qh5 Nxf1 27. Rxf1 Nf6 28. Qg6 Qe4 29. Ba1 Qxe2 30. Nd7 Qg4 31. Nxf8 Rxf8 32.
Qxg4 Nxg4 33. Re1 Re8 34. h3 Nf6 35. Bd4 Ne4 36. Ra1 Nd2 37. Rxa7 Nf3+ 38. Kg2 Nxd4 39.
Rb7 e5 40. b4 e4 41. g4 Re5 42.
Kg3 g5 43. gxf5 Rxf5 44. Rd7 Nc2 45. Rb7 Nxb4 46. Kg4 Re5 47. Kg3 Nd3 0-1

[Event "Early-Titled-Tuesday-Blitz-October-10-2023"]
[Site "Chess.com"]
[Date "2023.10.10"]
[Round "6"]
[White "CraiggoryC"]
[Black "abelmat"]
[Result "1-0"]
[WhiteElo "2260"]
[BlackElo "1946"]
[TimeControl "180+1"]
[EndTime "9:04:49 PDT"]
[Termination "CraiggoryC won by checkmate"]

1. e4 e6 2. d4 d5 3. e5 c5 4. c3 Bd7 5. Nf3 Qb6 6. Bd3 cxd4 7. Nxd4 Bb5 8. Bxb5+ Nc6 9. O-O Ne7 10. Nd2 Ng6 11.
N2f3 Be7 12. h4 O-O 13. Bxc6 bxc6 14. h5 Nh4 15. Nxh4 Bxh4 16. Qg4 c5 17. Bh6 g5 18. Nf3 f5 19. exf6 Rxf6 20. Nxh4 Kf7 21. Bxg5 Rg8 22. h6 e5 23. Qd7+ Kf8 24. Bxf6 Qxf6 25. Qf5 Kf7 26. Qxf6+ Kxf6 27. Rad1 d4 28. Rfe1 Rg4 29.
g3 a5 30. Kg2 a4 31. f3 Rg8 32. a3 Rb8 33. cxd4 cxd4 34. Rd2 Rb3 35. Re4 d3 36.
Re3 e4 37. fxe4 Ke5 38. Nf3+ Kf6 39. Rexd3 Rb5 40. Rd6+ Ke7 41. Rd7+ Ke8 42. Rxh7 Kf8 43. Rd8# 1-0

[Event "Early-Titled-Tuesday-Blitz-October-10-2023"]
[Site "Chess.com"]
[Date "2023.10.10"]
[Round "6"]
[White "RETURNOFTHELAGGER"]
[Black "Beca95"]
[Result "1-0"]
[WhiteElo "2692"]
[BlackElo "2875"]
[TimeControl "180+1"]
[EndTime "9:04:51 PDT"]
[Termination "RETURNOFTHELAGGER won on time"]

1. e4 e6 2. d4 d5 3. Nc3 Bb4 4. e5 c5 5. a3 Bxc3+ 6. bxc3 Ne7 7. Qg4 Qc7 8. Qxg7 Rg8 9. Qxh7 cxd4 10. Ne2 Nbc6 11.
f4 dxc3 12. h4 Bd7 13. h5 O-O-O 14. Qd3 Nf5 15. Rb1 d4 16. Rg1 Rg4 17. g3 Rdg8 18. Bh3 Qd8 19. Bxg4 Rxg4 20. Rh1 f6 21. h6 fxe5 22.
h7 Qh8 23. Nxc3 Rxg3 24. Qb5 Rxc3 25. Qxb7+ Kd8 26. fxe5 Ne3 27. Bxe3 Rxe3+ 28. Kd1 Ke7 29. Rb3 Rxe5 30. Rg3 d3 31. Rxd3 Rd5 32. Rxd5 exd5 33.
Qb1 Kd6 34. Kd2 Bf5 35. Qg1 1-0

[Event "Early-Titled-Tuesday-Blitz-October-10-2023"]
[Site "Chess.com"]
[Date "2023.10.10"]
[Round "6"]
[White "kacprekt"]
[Black "ArmanGhevondyanchess"]
[Result "0-1"]
[WhiteElo "2468"]
[BlackElo "2574"]
[TimeControl "180+1"]
[EndTime "9:04:52 PDT"]
[Termination "ArmanGhevondyanchess won by resignation"]

1. e4 e6 2. Nf3 d5 3. e5 Bd7 4. c3 c5 5. a3 Nc6 6. d4 c4 7. Be2 Na5 8. Nbd2 Ne7 9. O-O Nc8 10. Rb1 Nb6 11. b4 cxb3 12. Nxb3 Ba4 13. Nfd2 Be7 14.
Qc2 O-O 15. Bd3 g6 16. Qa2 Nac4 17. Bxc4 dxc4 18. Na5 Qd5 19. Naxc4 Nxc4 20. Qxc4 Qd7 21. Qd3 Rac8 22. c4 b5 23. Bb2 bxc4 24. Nxc4 Bb5 25.
Rfc1 Qd5 26. Rc3 Rxc4 27. Rbc1 Rxd4 28. Qc2 Rd2 29. Qb3 Qxb3 30. Rxb3 Rfd8 31. h4 Ba4 32. Rb7 Bxh4 33. g3 Rd1+ 34. Rxd1 Rxd1+ 35. Kh2 Bg5 36. Bc3 Bc6 37. Rb8+ Kg7 38. Kh3 Bf3 39. g4 Bf4 0-1

[Event "Early-Titled-Tuesday-Blitz-October-10-2023"]
[Site "Chess.com"]
[Date "2023.10.10"]
[Round "6"]
[White "Kotofeyca"]
[Black "nitpicker"]
[Result "1-0"]
[WhiteElo "2432"]
[BlackElo "2259"]
[TimeControl "180+1"]
[EndTime "9:04:53 PDT"]
[Termination "Kotofeyca won on time"]

1. d4 Nf6 2. c4 e6 3. Nf3 b6 4. g3 Bb7 5. Bg2 Bb4+ 6. Nbd2 d5 7. Qa4+ Nc6 8. Ne5 a5 9. a3 Bxd2+ 10. Bxd2 O-O 11.
Nxc6 Qd7 12. cxd5 exd5 13. Rc1 Rfe8 14. Qc2 Ba6 15. Ne5 Qb5 16. Be3 c5 17. a4 Qb4+ 18. Qd2 Qxa4 19. O-O Ne4 20. Qc2 Qb5 21. Bxe4 dxe4 22. Qxe4 Qxe2 23. Rfe1 Qh5 24. Qf4 Rad8 25.
Nf3 Bb7 26. Nh4 h6 27. Nf5 Qg6 28. dxc5 Qc6 29. f3 Qxf3 30. Qxf3 Bxf3 31. cxb6 g6 32.
Nxh6+ Kg7 33. Bf4 Bb7 34. Rxe8 Rxe8 35. Rc7 Bd5 36. Rd7 Bc6 37. Rc7 Bd5 38. Rd7 Bc6 39.
Rxf7+ Kh8 40. Rc7 Bd5 41. Nf7+ 1-0

[Event "Early-Titled-Tuesday-Blitz-October-10-2023"]
[Site "Chess.com"]
[Date "2023.10.10"]
[Round "6"]
[White "QueenOfTactics90"]
[Black "Austen48"]
[Result "1-0"]
[WhiteElo "2130"]
[BlackElo "2260"]
[TimeControl "180+1"]
[EndTime "9:04:54 PDT"]
[Termination "QueenOfTactics90 won by resignation"]

1. e4 c5 2. Nf3 e6 3. d4 cxd4 4.
Nxd4 a6 5. Be3 Qc7 6. c4 Nf6 7.
Nc3 b6 8. a3 Bb7 9. f3 d6 10.
Be2 Be7 11. O-O O-O 12. Qd2 Nbd7 13. Rac1 Rac8 14. Rfd1 Rfe8 15. Qe1 Qb8 16. g4 Ne5 17. Na4 Nfd7 18. Qg3 Bd8 19. f4 Ng6 20. Bf3 d5 21. cxd5 Rxc1 22. Bxc1 exd5 23. exd5 Bc7 24. Nc6 Bxc6 25.
dxc6 Nf6 26. g5 Nxf4 27. Bxf4 Bxf4 28. Qg2 Ne4 29. Bxe4 b5 30. Nc3 Qb6+ 31. Kh1 Qe3 32. Qf3 Qxf3+ 33. Bxf3 g6 34. Rd7 Rc8 35. Nd5 Bxg5 36.
Nb6 Re8 37. c7 Re1+ 38. Kg2 Rc1 39. c8=Q+ Rxc8 40. Nxc8 Kg7 41. Bd5 1-0

[Event "Early-Titled-Tuesday-Blitz-October-10-2023"]
[Site "Chess.com"]
[Date "2023.10.10"]
[Round "6"]
[White "HajiyevKanan"]
[Black "krzyzan94"]
[Result "0-1"]
[WhiteElo "2581"]
[BlackElo "2776"]
[TimeControl "180+1"]
[EndTime "9:04:55 PDT"]
[Termination "krzyzan94 won by resignation"]

1. d4 Nf6 2. Nf3 e6 3. c4 Bb4+ 4. Bd2 c5 5. e3 O-O 6. Bd3 d5 7. Bxb4 cxb4 8. O-O Nc6 9. Nbd2 a5 10. a3 Bd7 11. Qc2 h6 12. Rfc1 Qe7 13. h3 Rfc8 14. Qd1 bxa3 15. bxa3 a4 16. Rcb1 Rc7 17. Rb6 dxc4 18.
Nxc4 Nd5 19. Rb2 b5 20. Nce5 Nxe5 21. Nxe5 Be8 22. Qd2 Rb8 23. Be4 Nc3 24. Bd3 b4 25. axb4 Rxb4 26. Rxb4 Qxb4 27. Kh2 a3 28. Nc4 Rxc4 29. Bxc4 Qxc4 30. Rc1 Qc7+ 31. g3 Ne4 32. Rxc7 Nxd2 33. Ra7 Nc4 34. Rc7 Bb5 35. Rc5 Ba6 36.
Rc6 Bb5 37. Rc5 Nd6 38. Rc3 Nc4 39. Kg2 a2 40. Rc1 Nd2 41. Rc8+ Kh7 42. Ra8 Bc6+ 43. f3 Bxa8 44. e4 a1=Q 0-1

[Event "Early-Titled-Tuesday-Blitz-October-10-2023"]
[Site "Chess.com"]
[Date "2023.10.10"]
[Round "6"]
[White "Bilan_Danila"]
[Black "kingofthenil"]
[Result "1-0"]
[WhiteElo "2589"]
[BlackElo "2715"]
[TimeControl "180+1"]
[EndTime "9:04:55 PDT"]
[Termination "Bilan_Danila won on time"]

1. d4 Nf6 2. Nf3 g6 3. Bg5 Bg7 4. c3 c5 5. e3 O-O 6. Nbd2 b6 7.
Bc4 Bb7 8. O-O d6 9. Qe2 a6 10. a4 Nbd7 11. e4 cxd4 12. cxd4 d5 13. Bd3 dxe4 14.
Nxe4 h6 15. Bh4 Nd5 16. Qd2 N7f6 17. Rfe1 Rc8 18. Rad1 Nh5 19. a5 Nhf4 20. Bb1 bxa5 21. Nc5 Ba8 22. Nxa6 g5 23. Bg3 Qb6 24. Nc5 Rfd8 25.
Qc2 Qg6 26. Qb3 Qb6 27. Qc2 Ng6 28. Qe2 Ndf4 29. Bxf4 Nxf4 30. Qe3 e6 31. h3 Qxb2 32. Be4 Bxe4 33. Nxe4 Qb4 34. Nc5 Qc4 35. Nb7 Rd5 36. Nc5 a4 37. Ne4 Qb4 38. Ned2 Rc3 39. Rb1 1-0

[Event "Early-Titled-Tuesday-Blitz-October-10-2023"]
[Site "Chess.com"]
[Date "2023.10.10"]
[Round "6"]
[White "AlexPapasimakopoulos"]
[Black "bipe137"]
[Result "1-0"]
[WhiteElo "2707"]
[BlackElo "2537"]
[TimeControl "180+1"]
[EndTime "9:04:57 PDT"]
[Termination "AlexPapasimakopoulos won by resignation"]

1. d4 d5 2. c4 e6 3. Nc3 a6 4. cxd5 exd5 5. Nf3 Nf6 6. Bg5 Be6 7. e3 Nbd7 8. Be2 Bd6 9. O-O c6 10. Bh4 O-O 11.
Bg3 Qb8 12. Qc2 Bg4 13. Rab1 Bh5 14. b4 Bg6 15. Bd3 Bxd3 16. Qxd3 Bxg3 17. hxg3 Qd6 18.
Na4 Rfe8 19. Nc5 Rab8 20. a4 Ne4 21. Rfc1 Ndf6 22. b5 axb5 23. axb5 Ng4 24. Rb2 Qh6 25. Qd1 cxb5 26. Nxe4 dxe4 27. Nh4 Nxe3 28. fxe3 Qxe3+ 29. Kh2 Re6 30. Rxb5 Rd8 31. Rd5 Rde8 32. Nf5 Qg5 33. Rc7 Kh8 34. Rxf7 e3 35. Rxg7 e2 36. Qxe2 Qxg7 37.
Qxe6 Rxe6 38. Nxg7 Kxg7 39. Rd7+ Kg6 40. Rxb7 Re1 41.
Rd7 Rd1 42. g4 Rd3 43. g3 Kg5 44. Kh3 Rd1 45. Rd5+ Kg6 46. g5 Re1 47. Kg4 Re4+ 48. Kf3 Re1 49. Re5 Rxe5 50. dxe5 Kf5 51. e6 Kxe6 52.
Kg4 Kf7 53. Kh5 Kg7 54. g4 Kf7 55. Kh6 Kg8 56. g6 Kh8 57. g5 hxg6 58. Kxg6 Kg8 59. Kh6 Kh8 60. g6 Kg8 61. g7 1-0

[Event "Early-Titled-Tuesday-Blitz-October-10-2023"]
[Site "Chess.com"]
[Date "2023.10.10"]
[Round "6"]
[White "Kirill_Klukin"]
[Black "DeArron_Fox"]
[Result "0-1"]
[WhiteElo "2662"]
[BlackElo "2535"]
[TimeControl "180+1"]
[EndTime "9:04:57 PDT"]
[Termination "DeArron_Fox won by resignation"]

1. d4 d5 2. c4 e6 3. Nc3 Nf6 4.
Bg5 Be7 5. Nf3 O-O 6. e3 h6 7.
Bh4 b6 8. cxd5 Nxd5 9. Bxe7 Qxe7 10. Nxd5 exd5 11. Be2 Be6 12. O-O c5 13. dxc5 bxc5 14. Rc1 Nd7 15. Bb5 Nf6 16. Ne5 Rac8 17. Qa4 Ne4 18.
Bd3 Qf6 19. Nd7 Bxd7 20. Qxd7 Rfd8 21. Qxa7 Qxb2 22. Bxe4 dxe4 23. Qa4 Rd2 24. Rcd1 Rxd1 25. Rxd1 c4 26. Qd7 Qb8 27. Qd2 c3 28. Qc2 Qb2 29. Rc1 Qa3 30. h3 Rd8 31. Kh2 Rd3 32. Qd1 Rxd1 33.
Rxd1 c2 34. Rd8+ Kh7 35. Ra8 Qxa8 36. Kg3 Qb8+ 37. Kg4 c1=Q 38. f4 Qd1+ 39. Kh4 g5+ 40. Kg3 gxf4+ 41. exf4 Qd2 42. Kh2 Qdxf4+ 0-1

[Event "Early-Titled-Tuesday-Blitz-October-10-2023"]
[Site "Chess.com"]
[Date "2023.10.10"]
[Round "6"]
[White "HrvojeZagreb"]
[Black "boasovietica"]
[Result "1-0"]
[WhiteElo "2332"]
[BlackElo "2512"]
[TimeControl "180+1"]
[EndTime "9:04:57 PDT"]
[Termination "HrvojeZagreb won on time"]

1. d4 Nf6 2. Bf4 g6 3. Nc3 c5 4.
d5 d6 5. e4 Bg7 6. Be2 O-O 7.
Qd2 b5 8. Bxb5 Qb6 9. Bd3 c4 10.
Bxc4 Qxb2 11. Rb1 Qa3 12. Bb3 Nbd7 13. Nge2 Ba6 14. O-O Rfc8 15. Rfe1 Rc7 16. Nd4 Qa5 17. Nc6 Rxc6 18. dxc6 Nc5 19. Nd5 Qxd2 20. Nxf6+ Bxf6 21. Bxd2 Bb5 22. Bxf7+ Kxf7 23. Rxb5 Rc8 24. e5 Bg7 25.
Bb4 Rxc6 26. exd6 exd6 27. Bxc5 Rxc5 28. Rb7+ Kf6 29. Rxa7 Rxc2 30. g3 d5 31. a4 Bf8 32.
Rd7 Bc5 33. Rf1 Ke6 34. Rxh7 d4 35. Rh4 d3 36. Re4+ Kd5 37. Ree1 d2 38. Rd1 Kc4 39. Kg2 Kd3 40. f4 Ke2 41. a5 1-0

[Event "Early-Titled-Tuesday-Blitz-October-10-2023"]
[Site "Chess.com"]
[Date "2023.10.10"]
[Round "6"]
[White "MITerryble"]
[Black "MagnusCarlsen"]
[Result "0-1"]
[WhiteElo "3018"]
[BlackElo "3285"]
[TimeControl "180+1"]
[EndTime "9:05:00 PDT"]
[Termination "MagnusCarlsen won on time"]

1. d4 f5 2. Bg5 c6 3. e3 Qb6 4.
Qc1 h6 5. Bf4 d6 6. Nf3 Nf6 7.
Nbd2 g5 8. Bg3 Nh5 9. Bd3 Bg7 10. c3 Qc7 11. Qc2 e6 12. e4 f4 13. e5 fxg3 14.
Bg6+ Kd8 15. Bxh5 gxf2+ 16. Kxf2 dxe5 17. dxe5 Nd7 18. Nc4 Nxe5 19. Rhd1+ Ke7 20. Ncxe5 Bxe5 21. Kg1 Bd7 22. Qe4 Bf6 23. Kh1 Qf4 24. Qe2 Rad8 25. Re1 g4 26. Nd2 g3 27. Nf3 Bc8 28.
Rf1 Rd5 29. Nd4 Qh4 30. h3 Qxh5 31. Qe3 Bxd4 32. cxd4 Rf5 33. Qxg3 Rhf8 34. Rfe1 Bd7 35. Qa3+ Kf7 36. Qxa7 Kg7 37. Qxb7 R8f7 38. Qc7 Rf2 39. Qg3+ Qg5 40. Re3 Rxb2 0-1

[Event "Early-Titled-Tuesday-Blitz-October-10-2023"]
[Site "Chess.com"]
[Date "2023.10.10"]
[Round "6"]
[White "SanchezKelvin"]
[Black "Itk04"]
[Result "0-1"]
[WhiteElo "2580"]
[BlackElo "2752"]
[TimeControl "180+1"]
[EndTime "9:05:02 PDT"]
[Termination "Itk04 won on time"]

1. d4 Nf6 2. Nc3 d5 3. Bf4 g6 4. e3 Bg7 5. h3 O-O 6. g4 c5 7. Nge2 Nc6 8. Bg2 e6 9. dxc5 e5 10. Bg5 d4 11. Bxf6 Bxf6 12. Ne4 dxe3 13. Qxd8 exf2+ 14.
Kxf2 Bxd8 15. Rhd1 f5 16. gxf5 Bxf5 17. Kg1 Bxe4 18. Bxe4 Be7 19. Bd5+ Kh8 20. b4 Nxb4 21.
Rab1 Bxc5+ 22. Kh1 Nxc2 23. Bxb7 Rad8 24. Nc3 Ne3 25.
Rxd8 Rxd8 26. Ne4 Bb6 27. Kh2 Kg7 28. a4 Nf5 29. Kg2 Rd3 30. Ba6 Nh4+ 31. Kh2 Re3 32.
Bb7 Nf3+ 33. Kg2 Nh4+ 34. Kh2 Ra3 35. Rb4 Bd4 36. Rc4 Be3 37. Kh1 Bf4 38. Rc7+ Kh6 39. Nf6 Ra1+ 0-1